 Dungeon Crawl Stone Soup version 0.28-a0-1234-g826d19b2e0 (webtiles) character file.

Game seed: 7930472779338092959

672 SensoryNuts the Cudgeller (level 7, -4/68 HPs)
             Began as a Troll Fighter on Dec 23, 2021.
             Was a Priest of Makhleb.
             Slain by an acid dragon (13 damage)
             ... on level 5 of the Dungeon.
             The game lasted 00:07:41 (3275 turns).

SensoryNuts the Cudgeller (Troll Fighter)           Turns: 3275, Time: 00:07:41

Health: -4/68      AC:  0    Str: 27    XL:     7   Next: 32%
Magic:  6/6        EV:  8    Int:  4    God:    Makhleb [***...]
Gold:   127        SH:  7    Dex:  9    Spells: 6/6 levels left

rFire   . . .      SeeInvis .   p - +2 whip (venom)
rCold   . . .      Faith    .   c - +0 kite shield
rNeg    + . .      Spirit   .   b - +0 robe
rPois   .          Reflect  .   (helmet restricted)
rElec   .          Harm     .   (no cloak)
rCorr   .          Rampage  .   (gloves unavailable)
Will    .....                   (boots unavailable)
Stlth   +.........              (no amulet)
HPRegen 1.81/turn               l - ring of flight
MPRegen 0.10/turn               k - ring of positive energy

@: corroded, flying
A: large, unfitting armour, claws 3, regeneration 2, shaggy fur 1, tough skin 1,
noise suppression
a: Renounce Religion, Minor Destruction, Lesser Servant of Makhleb


You were on level 5 of the Dungeon.
You worshipped Makhleb.
Makhleb was most pleased with you.
You visited 1 branch of the dungeon, and saw 5 of its levels.
You also visited: Sewer.

You collected 127 gold pieces.

Inventory:

Hand Weapons
 a - a +0 flail
 p - a +2 whip of venom (weapon)
Armour
 b - a +0 robe (worn)
 c - a +0 kite shield (worn)
Jewellery
 i - an amulet of faith
 k - a ring of positive energy (right claw)
 l - a ring of flight (left claw)
Wands
 h - a wand of flame (5)
Scrolls
 e - 2 scrolls of immolation
 f - 4 scrolls of teleportation
 j - a scroll of noise
 n - 2 scrolls of enchant armour
 o - a scroll of summoning
Potions
 d - 2 potions of haste
 g - 2 potions of curing
 q - a potion of heal wounds
 r - a potion of brilliance
 u - 3 potions of might


   Skills:
 + Level 3.7 Fighting
 + Level 4.9 Maces & Flails
 + Level 3.8 Dodging
 + Level 0.5 Stealth
 + Level 3.7 Shields


You had 6 spell levels left.
You didn't know any spells.
Your spell library contained the following spells:

 Spells                   Type           Power      Damage    Failure   Level
 Corpse Rot               Necr/Air       0%         N/A       95%         2
 Poisonous Vapours        Pois/Air       0%         N/A       95%         2


Dungeon Overview and Level Annotations

Branches:
Dungeon (5/15)              Sewer (visited)
 Temple: D:4-7

Altars:
Makhleb
Uskayaw


Innate Abilities, Weirdness & Mutations

You are too large for most types of armour.
You have claws for hands.
You heal very quickly.
You are covered in fur. (AC +1)
You have tough skin. (AC +1)
You passively dampen the noise of your surroundings.


Message History

The acid dragon is moderately wounded.
The acid dragon completely misses you. The acid dragon claws you.
You whack the acid dragon!
The acid dragon is heavily wounded.
You block the acid dragon's attack. The acid dragon claws you.
You hit the acid dragon but do no damage.
The acid dragon is heavily wounded.
The acid dragon bites you!
The acid dragon claws you but does no damage.
You whack the acid dragon!
The acid dragon is poisoned.
The acid dragon is severely wounded.
The acid dragon bites you. You block the acid dragon's attack.
You hit the acid dragon.
The acid dragon is almost dead.
The acid dragon bites you! The acid dragon claws you.
You hit the acid dragon but do no damage.
The acid dragon is almost dead.
The acid dragon bites you!
The acid dragon claws you but does no damage.
You are too injured to fight recklessly!
You are too injured to fight recklessly!
You are too injured to fight recklessly!
You hit the acid dragon.
The acid dragon is almost dead.
The acid dragon bites you but does no damage.
The acid dragon claws you.
You hit the acid dragon but do no damage.
The acid dragon is almost dead.
The acid dragon bites you.
The acid dragon claws you but does no damage.
You hit the acid dragon but do no damage.
The acid dragon is almost dead.
The acid dragon spits acid at you. The splash of acid hits you!!
* * * LOW HITPOINT WARNING * * *
The acid corrodes you!
You closely miss the acid dragon.
The acid dragon is almost dead.
The acid dragon bites you!
You die...

### #### # #.. ...
##.####.# ###.###
........# #.....#
........###.....##
#D@.........#
#..###.<....# #..#
#......... #..#
##..##.#.. ..$.
#..# # ##... #..#
##.. .... ###.
..... #..#.


You could see an acid dragon (very poisoned, catching breath).

Vanquished Creatures
  A necrophage (D:4)
  3 kobold brigands (Sewer)
  A jelly (D:4)
  A hound (D:4)
  Jessica (D:3)
  Ijyb (D:3)
  Natasha (thrice) (D:3)
  Terence (D:2)
  A hound skeleton (D:4)
  Robin (D:2)
  3 adders
  4 worms
  2 dart slugs (D:1)
  2 orcs (D:3)
  An endoplasm (D:2)
  4 giant cockroaches
  11 goblins
  7 hobgoblins
  4 jackals (D:1)
  16 kobolds
  6 quokkas
  9 ball pythons
  8 bats
  8 frilled lizards
  8 rats
107 creatures vanquished.

Vanquished Creatures (others)
  A plant (Sewer)
1 creature vanquished.

Grand Total: 108 creatures vanquished

Notes
Turn   | Place    | Note
-------+----------+-------------------------------------------
     0 | D:1      | SensoryNuts the Troll Fighter began the quest for the Orb.
     0 | D:1      | Reached XP level 1. HP: 22/22 MP: 0/0
    99 | D:1      | Reached XP level 2. HP: 29/29 MP: 1/1
   237 | D:1      | Reached skill level 2 in Maces & Flails
   246 | D:1      | Found a faded altar of an unknown god.
   339 | D:1      | Prayed at the altar of an unknown god.
   339 | D:1      | Became a worshipper of Makhleb the Destroyer
   339 | D:1      | Reached * piety under Makhleb
   707 | D:1      | Reached XP level 3. HP: 36/36 MP: 2/2
  1137 | D:2      | Noticed Terence
  1146 | D:2      | Killed Terence
  1147 | D:2      | Reached XP level 4. HP: 12/44 MP: 3/3
  1244 | D:2      | Found a burning altar of Makhleb.
  1325 | D:2      | Noticed Robin
  1346 | D:2      | Reached ** piety under Makhleb
  1353 | D:2      | Killed Robin
  1690 | D:3      | Noticed Jessica
  1705 | D:3      | Reached skill level 3 in Maces & Flails
  1707 | D:3      | Killed Jessica
  1749 | D:3      | Noticed Natasha
  1753 | D:3      | Reached XP level 5. HP: 52/52 MP: 4/4
  1771 | D:3      | Killed Natasha
  1840 | D:3      | Noticed Ijyb
  1863 | D:3      | Killed Ijyb
  1899 | D:3      | Noticed Natasha
  1914 | D:3      | Killed Natasha
  2058 | D:3      | Noticed Natasha
  2075 | D:3      | Killed Natasha
  2333 | D:4      | Found a hide-covered altar of Uskayaw.
  2428 | D:4      | Reached XP level 6. HP: 61/61 MP: 5/5
  2449 | D:4      | Reached skill level 4 in Maces & Flails
  2602 | D:4      | Found a glowing drain.
  2612 | Sewer    | Entered a sewer
  2665 | Sewer    | Reached XP level 7. HP: 37/67 MP: 6/6
  2763 | Sewer    | Reached *** piety under Makhleb
  2972 | Sewer    | Gained mutation: You have sharp toenails. [potion of
                  | mutation]
  2972 | Sewer    | Gained mutation: You passively dampen the noise of your
                  | surroundings. [potion of mutation]
  2973 | Sewer    | Lost mutation: You have sharp toenails. [potion of
                  | mutation]
  2973 | Sewer    | Gained mutation: You heal very quickly. [potion of
                  | mutation]
  3259 | D:5      | Entered Level 5 of the Dungeon
  3275 | D:5      | Slain by an acid dragon

Illustrated notes

Levels and vault maps discovered:
D:1:      lightli_arrival_boilingwater, layout_basic,
          chequers_ecumenical_altar_island
D:2:      layout_basic, basic_altar, uniq_terence, uniq_robin
D:3:      layout_rooms, uniq_ijyb, uniq_natasha, uniq_jessica
D:4:      layout_loops_cross, nicolae_uskayaw_suspiria,
          cheibrodos_sewer_entry_sluice
D:5:      layout_loops_ring, serial_shops, nicolae_shop_statue_plus,
          minivault_1, minmay_puff

Skill      XL: |  1  2  3  4  5  6 |
---------------+-------------------+-----
Maces & Flails | 2 3 4 |  4.9
Dodging        | 3 |  3.8
Shields        | 3 |  3.7
Fighting       | 3 |  3.7
Stealth        | |  0.5

Action                   |  1- 3 |  4- 6 |  7- 9 || total
-------------------------+-------+-------+-------++-------
Melee: Flail             |   125 |   200 |     9 ||   334
       Whip              |       |       |    59 ||    59
  Use: Scroll            |     2 |     4 |     2 ||     8
       Potion            |       |     5 |     4 ||     9
 Stab: Sleeping          |       |       |     1 ||     1
Armor: Robe              |    73 |    85 |    14 ||   172
Dodge: Dodged            |    68 |    95 |    18 ||   181
Block: Kite shield       |    69 |    76 |    27 ||   172

Table legend: (Time is in decaauts)
 A = Elapsed time spent in this place.
 B = Non-inter-level travel time spent in this place.
 C = Inter-level travel time spent in this place.
 D = Time resting spent in this place.
 E = Time spent auto-exploring this place.
 F = Levels seen in this place.
 G = Mean time per level.
                   A        B        C        D        E       F      G
               +--------+--------+--------+--------+--------+-----+--------+
         Total |   3505 |   3327 |    178 |      1 |   2343 |   6 |  584.2 |
       Dungeon |   3084 |   2906 |    178 |      1 |   2111 |   5 |  616.8 |
         Sewer |    421 |    421 |      0 |      0 |    231 |   1 |  421.0 |
               +--------+--------+--------+--------+--------+-----+--------+

Top non-repeatable levels by time:
     D:1: 1045 daAuts
     D:2: 732 daAuts
     D:3: 670 daAuts
     D:4: 619 daAuts
   Sewer: 421 daAuts
     D:5: 16 daAuts
